 Dungeon Crawl Stone Soup version 0.23-a0-655-g3751e1c (console) character file.

67 Duffy the Conjurer (level 4, 20/30 HPs)
             Began as a Demonspawn Fire Elementalist on Jan 7, 2019.
             Quit the game on level 3 of the Dungeon.
             The game lasted 00:01:46 (989 turns).

Duffy the Conjurer (Demonspawn Fire Elementalist)    Turns: 989, Time: 00:01:46

Health: 20/30      AC:  4    Str:  9    XL:     4   Next: 0%
Magic:  2/7        EV: 12    Int: 17    God:
Gold:   40         SH:  0    Dex: 13    Spells: 3/7 levels left

rFire    . . .     SeeInvis .   (no weapon)
rCold    . . .     Gourm    .   (no shield)
rNeg     . . .     Faith    .   a - +0 robe
rPois    .         Spirit   .   (no helmet)
rElec    .         Reflect  .   (no cloak)
rCorr    .         Harm     .   (no gloves)
MR       .....                  (no boots)
Stlth    ++........             (no amulet)
HPRegen  0.10/turn              (no ring)
MPRegen  0.10/turn              (no ring)

@: no status effects
A: iridescent scales 1, spiny 1
a: no special abilities


You were on level 3 of the Dungeon.
You were not hungry.

You visited 1 branch of the dungeon, and saw 3 of its levels.

You collected 40 gold pieces.

Inventory:

Armour
 a - a +0 robe (worn)
Wands
 d - a wand of flame (22)
Scrolls
 b - 2 scrolls of enchant armour {unknown}
 e - a scroll of blinking {unknown}
Comestibles
 c - 3 rations
 f - a chunk of flesh


   Skills:
 - Level 1.7 Dodging
 - Level 1.7 Stealth
 + Level 2.3 Spellcasting
 + Level 3.3 Conjurations
 + Level 3.0 Fire Magic


You had 3 spell levels left.
You knew the following spells:

 Your Spells              Type           Power        Failure   Level  Hunger
h - Flame Tongue          Conj/Fire      ##...        4%          1    #......
l - Conjure Flame         Conj/Fire      ##......     16%         3    ###....

Your spell library contained the following spells:

 Spells                   Type           Power        Failure   Level  Hunger
 Throw Flame              Conj/Fire      ##....       8%          2    ###....
 Inner Flame              Hex/Fire       #.......     30%         3    ###....
 Sticky Flame             Conj/Fire      ##......     45%         4    #####..
 Fireball                 Conj/Fire      ##........   80%         5    ######.


Dungeon Overview and Level Annotations

Branches:
Dungeon (3/15)

Altars:
Uskayaw


Innate Abilities, Weirdness & Mutations

You are partially covered in iridescent scales. (AC +2)
You are partially covered in sharp spines.


Message History

The worm is lightly wounded.
Casting: Flame Tongue (safe; 5% risk of failure)
Confirm with . or Enter, or press ? or * to list all spells.
Aiming: Flame Tongue (safe; 5% risk of failure)
Press: ? - help, Shift-Dir - straight line, f/p - worm
Aim: a worm (lightly wounded)
The flame tongue hits the worm.
The worm is severely wounded.
The adder hisses angrily.
The goblin shouts!
Casting: Flame Tongue (safe; 5% risk of failure)
Confirm with . or Enter, or press ? or * to list all spells.
Aiming: Flame Tongue (safe; 5% risk of failure)
Press: ? - help, Shift-Dir - straight line, f/p - worm
Aim: a worm (heavily wounded)
The flame tongue hits the worm.
You kill the worm!
You have reached level 4!
You feel stronger.
Your demonic ancestry asserts itself...
Sharp spines emerge from parts of your body.
Are you sure you want to abandon this character and quit the game? (Confirm

#............#
#............#
#..........(.#
#............#
+............#
#.....%......#
#............#
#.......r....#
#......S@....#
#......g.....#
#............#
#########..###
... ##.#
#.#.######.####
..........>...#
.###...##..#..#
#...###.# .#


You could see an adder, a goblin and a rat.

Vanquished Creatures
  3 adders
  A worm (D:3)
  A dart slug (D:2)
  5 orcs (D:3)
  5 bats
  A giant cockroach (D:1)
  3 hobgoblins
  A kobold (D:1)
  A quokka (D:3)
  A frilled lizard (D:2)
  5 goblins
  5 rats
32 creatures vanquished.

Notes
Turn   | Place    | Note
-------+----------+-------------------------------------------
     0 | D:1      | Duffy the Demonspawn Fire Elementalist began the quest for
                  | the Orb.
     0 | D:1      | Reached XP level 1. HP: 13/13 MP: 3/3
   271 | D:1      | Gained mutation: You are partially covered in iridescent
                  | scales. (AC +2) [demonic ancestry]
   271 | D:1      | Reached XP level 2. HP: 15/19 MP: 0/5
   530 | D:2      | Reached XP level 3. HP: 24/24 MP: 4/6
   535 | D:2      | Learned a level 3 spell: Conjure Flame
   829 | D:3      | Found a hide-covered altar of Uskayaw.
   986 | D:3      | Gained mutation: You are partially covered in sharp spines.
                  | [demonic ancestry]
   986 | D:3      | Reached XP level 4. HP: 19/30 MP: 1/7
   989 | D:3      | Quit the game

Vault maps used:
D:1:      tarquinn_simple_flora_water_c, due_unseen_surprise
D:2:      first_ration
D:3:      old_standard_altar, portal_sewer_entry_b

Skill      XL: |  1  2  3 |
---------------+----------+-----
Conjurations   | 2 3 |  3.3
Fire Magic     | 3 |  3.0
Dodging        | |  1.7
Stealth        | |  1.7
Spellcasting   | |  2.3

Action                   |  1- 3 |  4- 6 || total
-------------------------+-------+-------++-------
Melee: Unarmed           |    26 |       ||    26
 Cast: Flame Tongue      |    48 |     1 ||    49
  Use: Potion            |     2 |       ||     2
  Eat: Chunk             |     1 |       ||     1
Armor: Robe              |    34 |       ||    34
       Skin              |     9 |       ||     9
Dodge: Dodged            |    52 |       ||    52

Table legend:
 A = Non-vault XP
 B = Vault XP
 C = Vault XP percentage of total XP
 D = Non-vault monster count
 E = Vault monster count
 F = Vault count percentage of total count
                 A         B        C        D         E       F
            +---------+---------+-------+---------+---------+-------
      Total |      97 |       0 |   0.0 |      32 |       0 |   0.0
            +---------+---------+-------+---------+---------+-------
        D:1 |      14 |       0 |   0.0 |       9 |       0 |   0.0
        D:2 |      34 |       0 |   0.0 |       6 |       0 |   0.0
        D:3 |      49 |       0 |   0.0 |      17 |       0 |   0.0
            +---------+---------+-------+---------+---------+-------
